 Dungeon Crawl Stone Soup version 0.29.1-12-g30fa7ad0bf (webtiles) character file.

Game seed: 15327615317819115777

3983 Eitelfritz the Cleaver (level 10, 0/86 HPs)
             Began as a Hill Orc Fighter on Dec 16, 2022.
             Was a High Priest of Zin.
             Slain by an orc warrior
             ... wielding a +0 hand axe
              (12 damage)
             ... on level 8 of the Dungeon.
             The game lasted 00:19:08 (9536 turns).

Eitelfritz the Cleaver (Hill Orc Fighter)           Turns: 9536, Time: 00:19:09

Health: 0/86       AC: 15    Str: 26    XL:     10   Next: 22%
Magic:  0/16       EV:  7    Int: 10    God:    Zin [*****.]
Gold:   1350       SH:  5    Dex: 12    Spells: 9/9 levels left

rFire   . . .      SeeInvis .   a - +0 war axe
rCold   . . .      Faith    .   c - +0 buckler
rNeg    . . .      Spirit   +   w - +0 plate armour
rPois   ∞          Reflect  .   f - +0 helmet
rElec   .          Harm     .   (no cloak)
rCorr   .          Rampage  .   (no gloves)
Will    .....                   (no boots)
Stlth   ..........              l - amulet of guardian spirit
HPRegen 0.24/turn               (no ring)
MPRegen 0.15/turn               (no ring)

@: vitalised
A: no striking features
a: Renounce Religion, Recite, Vitalisation, Imprison, Sanctuary, Donate Gold


You were on level 8 of the Dungeon.
You worshipped Zin.
Zin was extremely pleased with you.
You visited 2 branches of the dungeon, and saw 9 of its levels.

You collected 1499 gold pieces.
You donated 149 gold pieces to Zin.

Inventory:

Hand Weapons
 a - a +0 war axe (weapon)
 b - a +0 sling
 s - a +0 arbalest
Missiles
 m - 18 poisoned darts
 q - 77 stones (quivered)
Armour
 c - a +0 buckler (worn)
 f - a +0 helmet (worn)
 w - a +0 plate armour (worn)
Jewellery
 l - an amulet of guardian spirit (around neck)
Wands
 h - a wand of flame (22)
 p - a wand of digging (5)
Scrolls
 d - 2 scrolls of identify
 e - a scroll of teleportation {unknown}
 j - 4 scrolls of fear
 t - a scroll of enchant armour {unknown}
 v - a scroll of magic mapping
Potions
 g - a potion of curing
 i - 3 potions of brilliance
 k - 2 potions of magic
 n - a potion of cancellation
 o - 2 potions of haste
 r - a potion of attraction


   Skills:
 + Level 7.6 Fighting
 + Level 11.0 Axes
 + Level 8.0 Armour
 + Level 1.1 Dodging
 + Level 2.2 Stealth
 + Level 5.5 Shields
 * Level 8.1 Invocations


You had 9 spell levels left.
You didn't know any spells.
Your spell library contained the following spells:

 Spells                   Type           Power      Damage    Failure   Level
 Magic Dart               Conj           0%         1d3       99%         1
 Sandblast                Erth           0%         2d4       99%         1
 Blink                    Tloc           0%         N/A       100%        2
 Ensorcelled Hibernation  Hex/Ice        0%         N/A       100%        2
 Passwall                 Tmut/Erth      0%         N/A       100%        2
 Searing Ray              Conj           0%         2d4       100%        2
 Lesser Beckoning         Tloc           0%         N/A       100%        3
 Spider Form              Tmut/Pois      0%         N/A       100%        3
 Stone Arrow              Conj/Erth      0%         3d7       100%        3
 Swiftness                Air            0%         N/A       100%        3
 Anguish                  Hex/Necr       0%         N/A       100%        4
 Fulminant Prism          Conj/Hex       0%         3d6       100%        4
 Manifold Assault         Tloc           0%         N/A       100%        5


Dungeon Overview and Level Annotations

Branches:
Dungeon (8/15)             Temple (1/1) D:7
   Lair: D:8-11

Altars:
Ashenzari
Dithmenos
Elyvilon
Fedhas
Gozag
Hepliaklqana
Kikubaaqudgha
Makhleb
Nemelex Xobeh
Okawaru
Qazlal
Ru
Sif Muna
Trog
Uskayaw
Vehumet
Wu Jian
Xom
Yredelemnul
Zin

Shops:
D:7 (


Message History

"Zin saw the contamination of the fetid masses, and..."
Something hits you but does no damage.
You miss something. "...was displeased, for did the law not say that..."
Something hits you!
You closely miss something. "...those who did not become hygienic would be rebuked?"
The orc is confused by your recitation.
You finish reciting Ablutions 6:79.
Something hits you.
The orc hits something but does no damage.
You barely miss something. You block something's attack.
The orc closely misses something.
You closely miss something. Something hits you.
The orc closely misses something.
You barely miss something. Something hits you.
You barely miss something. Something hits you but does no damage.
The orc barely misses the orc.
The orc hits itself with a +0 short sword of electrocution.
Lightning courses through the orc!
The orc is killed!
You hit something. Something hits you.
* * * LOW HITPOINT WARNING * * *
You miss something. Something hits you!
* * * LOW HITPOINT WARNING * * *
You miss something. Something hits you!
* * * LOW HITPOINT WARNING * * *
You slash something! Something hits you!
* * * LOW HITPOINT WARNING * * *
Unknown command.
You feel better. You block something's attack.
You feel better.
You are ready to recite again.
Something hits you!
* * * LOW HITPOINT WARNING * * *
You barely miss something. Something hits you but does no damage.
You hit something.
Unknown command.
You miss something. Something hits you!
You die...

###......#
########.......#
###
#..............#
#..
..######.......#
<.# ##.# #.......#
#....#..##
##......# #.....##
##.....##
#..##).####
#.†.....# #.
##o{@.### #.......#
..
####...####.......#
.o ###...........##
.. #######.....## .
#.......# #.......#
#>......# ##.....##
##...##


You could see an orc.

Vanquished Creatures
  Pikel (D:6)
  A hornet (D:8)
  Sigmund (D:4)
  A wraith (D:7)
  2 humans (D:7)
  Edmund (D:6)
  2 water moccasins
  2 orc warriors
  2 ice beasts
  A black bear (D:8)
  2 lemures (D:6)
  2 centaurs
  2 bullfrogs
  A gnoll sergeant (D:7)
  A necrophage (D:7)
  6 scorpions
  A howler monkey (D:8)
  7 jellies
  7 orc priests
  4 hounds
  6 iguanas
  Natasha (twice) (D:4)
  6 orc wizards
  9 adders
  6 gnolls (D:7)
  A shadow imp (D:2)
  2 white imps
  An ufetubus (D:6)
  6 worms
  A dart slug (D:5)
  23 orcs
  8 endoplasms
  6 giant cockroaches
  5 goblins
  6 hobgoblins
  4 jackals (D:2)
  5 quokkas
  4 ball pythons
  4 bats
  5 frilled lizards
  9 kobolds
  2 rats
168 creatures vanquished.

Vanquished Creatures (others)
  A bush (D:7)
  7 plants (D:3)
  7 withered plants (D:6)
15 creatures vanquished.

Grand Total: 183 creatures vanquished

Notes
Turn   | Place    | Note
-------+----------+-------------------------------------------
     0 | D:1      | Eitelfritz the Hill Orc Fighter began the quest for the
                  | Orb.
     0 | D:1      | Reached XP level 1. HP: 19/19 MP: 1/1
   299 | D:1      | Reached XP level 2. HP: 26/26 MP: 2/2
   433 | D:1      | Found a faded altar of an unknown god.
   846 | D:2      | Reached skill level 3 in Axes
   847 | D:2      | Reached XP level 3. HP: 15/31 MP: 3/3
  1205 | D:2      | Reached skill level 4 in Axes
  1579 | D:2      | Reached XP level 4. HP: 6/39 MP: 1/4
  2141 | D:3      | Found a hide-covered altar of Uskayaw.
  2217 | D:3      | Reached skill level 5 in Axes
  2269 | D:3      | Found a glowing silver altar of Zin.
  2292 | D:3      | Became a worshipper of Zin the Law-Giver
  2292 | D:3      | Reached * piety under Zin
  2901 | D:3      | Identified a scroll of acquirement
  2901 | D:3      | Acquired 980 gold pieces
  2904 | D:3      | Reached ** piety under Zin
  2904 | D:3      | Reached *** piety under Zin
  2946 | D:4      | Reached skill level 1 in Invocations
  2946 | D:4      | Reached XP level 5. HP: 23/46 MP: 5/5
  3200 | D:4      | Noticed Sigmund
  3230 | D:4      | Killed Sigmund
  3231 | D:4      | Reached skill level 6 in Axes
  3231 | D:4      | Reached XP level 6. HP: 14/52 MP: 1/7
  3558 | D:4      | Noticed Natasha
  3571 | D:4      | Killed Natasha
  3572 | D:4      | Reached XP level 7. HP: 39/60 MP: 6/9
  3679 | D:4      | Found a burning altar of Makhleb.
  3803 | D:4      | Reached **** piety under Zin
  3852 | D:4      | Noticed Natasha
  3865 | D:4      | Killed Natasha
  4158 | D:4      | Found a blossoming altar of Fedhas.
  4179 | D:5      | Entered Level 5 of the Dungeon
  4179 | D:5      | Found a shimmering altar of Xom.
  4196 | D:5      | Reached skill level 7 in Axes
  4682 | D:5      | Reached skill level 5 in Armour
  4770 | D:5      | Found a sparkling altar of Nemelex Xobeh.
  4772 | D:5      | Found a hazy altar of Hepliaklqana.
  4772 | D:5      | Found a bloodstained altar of Trog.
  4863 | D:5      | Reached ***** piety under Zin
  4951 | D:5      | Reached skill level 5 in Fighting
  4994 | D:5      | Reached XP level 8. HP: 60/68 MP: 11/11
  5114 | D:5      | Reached skill level 8 in Axes
  5275 | D:5      | Reached skill level 1 in Dodging
  5925 | D:6      | Reached skill level 5 in Invocations
  5938 | D:6      | Found an ancient bone altar of Kikubaaqudgha.
  5938 | D:6      | Noticed Pikel
  6270 | D:6      | You fall into a shaft and drop 1 floor!
  6422 | D:7      | Found Byif's Weapon Emporium.
  6436 | D:7      | Found a radiant altar of Vehumet.
  6496 | D:7      | Found an iron altar of Okawaru.
  6523 | D:7      | Reached skill level 9 in Axes
  6523 | D:7      | Reached skill level 5 in Shields
  6523 | D:7      | Reached XP level 9. HP: 28/75 MP: 6/13
  6827 | D:7      | Found a staircase to the Ecumenical Temple.
  6838 | D:7      | Reached skill level 1 in Stealth
  6873 | Temple   | Entered the Ecumenical Temple
  7282 | D:7      | Found a shimmering blue altar of Sif Muna.
  8252 | D:6      | Noticed Edmund
  8301 | D:6      | Killed Pikel
  8302 | D:6      | Reached skill level 10 in Axes
  8318 | D:6      | Killed Edmund
  8617 | D:6      | Identified the +0 robe of Uwuzuiquen {Fly rC- Int+4}
  8854 | D:6      | Found a stormy altar of Qazlal.
  9113 | D:8      | Reached XP level 10. HP: 85/86 MP: 15/15
  9520 | D:8      | Reached skill level 11 in Axes
  9531 | D:8      | HP: 2/86 [something (8)]
  9536 | D:8      | Slain by an orc warrior

Illustrated notes

Levels and vault maps discovered:
D:1:      saegor_arrival_simple_e, layout_basic,
          hellmonk_ecumenical_altar_heavens_door
D:2:      layout_rooms
D:3:      layout_basic, zin_academy, nicolae_uskayaw_dance_hall,
          lexackson_kobold_supper
D:4:      layout_loops_ring, nicolae_overflow_hidden_temple,
          mainiacjoe_overflow_24_doors, uniq_natasha, uniq_sigmund
D:5:      layout_loops_corners, grunt_temple_overflow_open,
          amcnicky_altar_gilded
D:6:      layout_basic, kiku_gazebo_garden_becter,
          nicolae_qazlal_scattered_showers, uniq_edmund, uniq_pikel
D:7:      layout_loops_cross, nicolae_sif_muna_little_library, okawaru_humans,
          vehumet_crystals, minmay_temple_entry_junction_2, serial_shops,
          nicolae_shop_bloodbath_and_beyond, kb_lookout_dungeons_type,
          minmay_fountain_box, grunt_ministairs_7, kennysheep_dice
D:8:      layout_rooms
Temple:   nicolae_temple_little_seven

Skill      XL: |  1  2  3  4  5  6  7  8  9 10 |
---------------+-------------------------------+-----
Axes           | 3 4 5 6 7 9 10 11 | 11.0
Shields        | 4 5 |  5.5
Armour         | 4 5 6 7 8 |  8.0
Invocations    | 1 2 3 4 5 7 8 |  8.1
Fighting       | 4 5 7 |  7.6
Dodging        | 1 |  1.1
Stealth        | 2 |  2.2

Action                   |  1- 3 |  4- 6 |  7- 9 | 10-12 || total
-------------------------+-------+-------+-------+-------++-------
Melee: War axe           |    91 |   138 |   419 |    80 ||   728
Invok: Vitalisation      |       |     1 |     4 |     1 ||     6
       Recite            |       |     1 |    11 |     3 ||    15
  Use: Scroll            |       |     8 |     6 |       ||    14
       Potion            |       |     2 |     4 |     2 ||     8
 Stab: Confused          |       |     1 |     4 |       ||     5
       Invisible         |       |       |     5 |       ||     5
       Paralysed         |       |       |     1 |       ||     1
Armor: Chain mail        |    70 |    92 |   108 |       ||   270
       Scale mail        |     1 |       |       |       ||     1
       Plate armour      |       |       |    85 |    46 ||   131
Dodge: Dodged            |    46 |    38 |   111 |    20 ||   215
Block: Buckler           |    20 |    21 |    86 |    17 ||   144
